 Dungeon Crawl Stone Soup version 0.27-a0-1118-ga84896973d (webtiles) character file.

Game seed: 9765674100534026652

107 Froggeryz the Stinger (level 4, -3/30 HPs)
             Began as a Mummy Venom Mage on May 2, 2021.
             Slain by a gnoll
             ... wielding a +0 club
              (5 damage)
             ... on level 4 of the Dungeon.
             The game lasted 00:05:08 (3208 turns).

Froggeryz the Stinger (Mummy Venom Mage)            Turns: 3208, Time: 00:05:08

Health: -3/30      AC:  3    Str: 11    XL:     4   Next: 57%
Magic:  8/8        EV: 12    Int: 15    God:
Gold:   187        SH:  0    Dex: 12    Spells: 5/8 levels left

rFire    x . .     SeeInvis .   f - staff of conjuration
rCold    + . .     Faith    .   (no shield)
rNeg     + + +     Spirit   .   a - +0 robe
rPois    ∞         Reflect  .   (no helmet)
rElec    .         Harm     .   g - +0 cloak
rCorr    .         Rampage  .   (no gloves)
Will     .....                  (no boots)
Stlth    ++........             (no amulet)
HPRegen  0.10/turn              b - ring of wizardry
MPRegen  0.11/turn              (no ring)

@: no status effects
A: cold resistance 1, negative energy resistance 3, torment resistance 2,
unbreathing 1, heat vulnerability 1, no potions
a: no special abilities


You were on level 4 of the Dungeon.
You visited 1 branch of the dungeon, and saw 4 of its levels.

You collected 187 gold pieces.

Inventory:

Missiles
 d - 12 poisoned darts (quivered)
Armour
 a - a +0 robe (worn)
 g - a +0 cloak (worn)
Magical Staves
 f - a staff of conjuration (weapon)
Jewellery
 b - a ring of wizardry (left hand)
Scrolls
 c - a scroll of blinking {unknown}
 e - a scroll of enchant armour
 h - a scroll of identify


   Skills:
 - Level 1.5 Dodging
 - Level 1.5 Stealth
 - Level 2.6 Spellcasting
 - Level 0.7 Transmutations
 * Level 4.4 Poison Magic


You had 5 spell levels left.
You knew the following spells:

 Your Spells              Type           Power      Damage    Failure   Level
a - Sting                 Tmut/Pois      36%        1d4       2%          1
b - Poisonous Vapours     Pois/Air       16%        N/A       5%          2

Your spell library contained the following spells:

 Spells                   Type           Power      Damage    Failure   Level
 Corona                   Hex            2%         N/A       9%          1
 Slow                     Hex            2%         N/A       12%         2
 Ignite Poison            Fire/Tmut/Pois 7%         N/A       12%         3
 Olgreb's Toxic Radiance  Pois           15%        N/A       13%         4
 Mephitic Cloud           Conj/Pois/Air  9%         N/A       14%         3
 Inner Flame              Hex/Fire       2%         N/A       24%         3
 Portal Projectile        Hex/Tloc       4%         N/A       24%         3
 Cause Fear               Hex            1%         N/A       58%         4
 Leda's Liquefaction      Hex/Erth       1%         N/A       58%         4


Dungeon Overview and Level Annotations

Branches:
Dungeon (4/15)
 Temple: D:4-7

Altars:


Innate Abilities, Weirdness & Mutations

You are immune to poison.
Your flesh is cold resistant. (rC+)
You are immune to negative energy. (rN+++)
You are immune to unholy pain and torment.
You can survive without breathing.
You are vulnerable to heat. (rF-)
You do not drink.


Message History

You kill the goblin!
Unknown command.
You climb upwards.
There is a stone staircase leading down here.
Okay, then.
There is a stone staircase leading down here.
You climb downwards.
Found 8 gold pieces, a rapier and a hardcover book.
There is a stone staircase leading up here.
Magic restored.
Found a stone staircase leading down.
You now have 187 gold pieces (gained 8).
You pick up a book of Debilitation and begin reading...
You add the spells Corona, Slow, Inner Flame, Portal Projectile, Cause Fear and Leda's Liquefaction to your library. 3 gnolls come into view.
The gnoll shouts! x3; You hear a shout!
The gnoll moves out of view.
Casting: Poisonous Vapours (safe; 5% risk of failure)
Confirm with . or Enter, or press ? or * to list all spells.
Aiming: Sting (safe; 2% risk of failure)
Press: ? - help, Shift-Dir - straight line, f - gnoll
Aim: a gnoll, wielding a +0 club (72% to hit)
The sting hits the gnoll.
The gnoll is poisoned.
The gnoll is lightly wounded.
A gnoll comes into view. It is wielding a +0 whip of venom.
The gnoll looks more healthy.
The gnoll throws a throwing net.
The throwing net hits you.
You become entangled in the net!
You see here a throwing net.
You struggle against the net.
The gnoll hits you with a +0 club.
You struggle against the net.
The gnoll hits you with a +0 club.
The gnoll hits you from afar with a +0 spear.
You struggle against the net.
The gnoll hits you but does no damage. The gnoll barely misses you.
You struggle against the net.
The gnoll hits you with a +0 club.
* * * LOW HITPOINT WARNING * * *
The gnoll hits you from afar with a +0 spear.
* * * LOW HITPOINT WARNING * * *
You rip the net and break free!
The gnoll closely misses you. The gnoll hits you with a +0 club.
You die...

#. ##.## ...###
....## ####.#..
##......#
##.....#.##
#.......<.#
###.....g@#.#
.........g#.# #
####...gg##..
..###.......#...
#...........#.#.)
###........#.##.#
###.....#..# ..
##.........#
#...>#..####


You could see 4 gnolls.

Vanquished Creatures
  3 adders (D:2)
  A worm (D:2)
  A dart slug (D:1)
  6 ball pythons
  7 bats (D:1)
  7 endoplasms
  3 giant cockroaches
  4 goblins
  7 hobgoblins
  7 jackals
  4 quokkas
  7 frilled lizards
  4 kobolds
  6 rats
67 creatures vanquished.

Notes
Turn   | Place    | Note
-------+----------+-------------------------------------------
     0 | D:1      | Froggeryz the Mummy Venom Mage began the quest for the Orb.
     0 | D:1      | Reached XP level 1. HP: 13/13 MP: 4/4
   525 | D:1      | Reached skill level 3 in Poison Magic
   525 | D:1      | Reached XP level 2. HP: 17/19 MP: 1/5
   708 | D:1      | Found a faded altar of an unknown god.
   922 | D:1      | Reached XP level 3. HP: 24/24 MP: 0/7
  1642 | D:2      | Reached skill level 4 in Poison Magic
  1683 | D:2      | Learned a level 2 spell: Poisonous Vapours
  1771 | D:2      | Reached XP level 4. HP: 30/30 MP: 1/8
  3208 | D:4      | Slain by a gnoll

Illustrated notes

Levels and vault maps discovered:
D:1:      amcnicky_arrival_flooded_fountain, layout_loops_ring,
          basic_ecumenical_altar, minmay_misc_feat_room
D:2:      layout_rooms, st_stairs_3, minmay_pentomino_p4
D:3:      layout_basic, kennysheep_doodads, minmay_door_square, chequers_jeans
D:4:      layout_rooms, lemuel_zombie_altar_kikubaaqudgha, lemuel_crystal_altar,
          uniq_robin

Skill      XL: |  1  2  3 |
---------------+----------+-----
Poison Magic   | 3 4 |  4.4
Dodging        | |  1.5
Stealth        | |  1.5
Spellcasting   | |  2.6
Transmutations | |  0.7

Action                   |  1- 3 |  4- 6 || total
-------------------------+-------+-------++-------
Melee: Unarmed           |    20 |    16 ||    36
       Staff             |       |     3 ||     3
 Cast: Sting             |    71 |    17 ||    88
       Poisonous Vapours |     3 |    12 ||    15
  Use: Scroll            |     1 |     2 ||     3
Armor: Robe              |    16 |     8 ||    24
Dodge: Dodged            |    35 |    19 ||    54

Table legend: (Time is in decaauts)
 A = Elapsed time spent in this place.
 B = Non-inter-level travel time spent in this place.
 C = Inter-level travel time spent in this place.
 D = Time resting spent in this place.
 E = Time spent auto-exploring this place.
 F = Levels seen in this place.
 G = Mean time per level.
                   A        B        C        D        E       F      G
               +--------+--------+--------+--------+--------+-----+--------+
         Total |   3208 |   3133 |     75 |    232 |   2386 |   4 |  802.0 |
       Dungeon |   3208 |   3133 |     75 |    232 |   2386 |   4 |  802.0 |
               +--------+--------+--------+--------+--------+-----+--------+

Top non-repeatable levels by time:
     D:1: 1390 daAuts
     D:2: 946 daAuts
     D:3: 836 daAuts
     D:4: 35 daAuts
